 Dungeon Crawl Stone Soup version 0.25-a0-100-g33052ceff8 (webtiles) character file.

Game seed: 1121253638438692016, levelgen mode: deterministic

431 vurker the Magician (level 6, 0/44 HPs)
             Began as a Mummy Fire Elementalist on Nov 14, 2019.
             Killed by divine providence
             ... invoked by an orc priest
              (9 damage)
             ... on level 4 of the Dungeon.
             The game lasted 00:06:54 (5264 turns).

vurker the Magician (Mummy Fire Elementalist)       Turns: 5264, Time: 00:06:55

Health: 0/44       AC:  2    Str: 12    XL:     6   Next: 67%
Magic:  7/13       EV: 12    Int: 16    God:
Gold:   221        SH:  0    Dex: 12    Spells: 14/15 levels left

rFire    x . .     SeeInvis .   f - +0 falchion (drain)
rCold    + . .     Gourm    .   (no shield)
rNeg     + + +     Faith    .   a - +0 robe
rPois    ∞         Spirit   .   (no helmet)
rElec    .         Reflect  .   (no cloak)
rCorr    .         Harm     .   (no gloves)
MR       .....                  (no boots)
Stlth    ++........             (no amulet)
HPRegen  0.14/turn              (no ring)
MPRegen  0.13/turn              (no ring)

@: no status effects
A: no food or potions, fire vulnerability, cold resistance 1, negative energy
resistance 3, torment resistance, unbreathing
a: no special abilities


You were on level 4 of the Dungeon.
You were not hungry.

You visited 1 branch of the dungeon, and saw 4 of its levels.
You also visited: Sewer.

You collected 221 gold pieces.

Inventory:

Hand Weapons
 f - a +0 falchion of draining (weapon)
   (You took it off an orc on level 2 of the Dungeon)
Armour
 a - a +0 robe (worn)
 g - a +1 leather armour of poison resistance
   (You found it on level 2 of the Dungeon)
Wands
 c - a wand of disintegration (15)
   (You found it on level 4 of the Dungeon)
 x - a wand of acid (8)
   (You found it on level 4 of the Dungeon)
Scrolls
 b - a scroll of enchant weapon
 d - a scroll of immolation
 e - a scroll of remove curse


   Skills:
 + Level 2.2 Fighting
 - Level 1.5 Dodging
 - Level 1.5 Stealth
 * Level 5.1 Spellcasting
 * Level 3.0 Conjurations
 * Level 4.0 Fire Magic


You had 14 spell levels left.
You knew the following spells:

 Your Spells              Type           Power        Failure   Level  Hunger
a - Flame Tongue          Conj/Fire      ###..        3%          1    N/A

Your spell library contained the following spells:

 Spells                   Type           Power        Failure   Level  Hunger
 Throw Flame              Conj/Fire      ###...       5%          2    N/A
 Conjure Flame            Conj/Fire      ###.....     11%         3    N/A
 Confusing Touch          Hex            #.....       16%         1    N/A
 Corona                   Hex            #......      16%         1    N/A
 Inner Flame              Hex/Fire       ##......     21%         3    N/A
 Ensorcelled Hibernation  Hex/Ice        #.....       22%         2    N/A
 Dazzling Spray           Conj/Hex       #.....       24%         3    N/A
 Sticky Flame             Conj/Fire      ###.....     34%         4    N/A
 Confuse                  Hex            #.......     41%         3    N/A
 Gell's Gravitas          Tloc           #.........   41%         3    N/A
 Tukima's Dance           Hex            #.......     41%         3    N/A
 Fireball                 Conj/Fire      ###.......   69%         5    N/A
 Petrify                  Tmut/Erth      #.......     83%         4    N/A
 Metabolic Englaciation   Hex/Ice        #.........   99%         5    N/A
 Yara's Violent Unravell  Hex/Tmut       #.........   99%         5    N/A

Dungeon Overview and Level Annotations

Branches:
Dungeon (4/15)              Sewer (visited)
 Temple: D:4-7

Altars:
Vehumet
Wu Jian

Annotations:
D:3 1 runed translucent door, Mukku's ghost, amateur DsVM


Innate Abilities, Weirdness & Mutations

You do not eat or drink.
Your flesh is vulnerable to fire.
You are immune to poison.
Your flesh is cold resistant. (rC+)
You are immune to negative energy. (rN+++)
You are immune to unholy pain and torment.
You can survive without breathing.


Message History

The leopard gecko hisses angrily.
A worm comes into view.
Aim: an orc wizard, wielding a +0 dagger and wearing a +0 robe The flame tongue hits the orc wizard.
Aim: an orc wizard, wielding a +0 dagger and wearing a +0 robe (moderately wounded)
The flame tongue hits the orc wizard.
The orc wizard barely misses you.
Aim: an orc wizard, wielding a +0 dagger and wearing a +0 robe (heavily wounded)
The flame tongue hits the orc wizard!
You kill the orc wizard!
Your Fire Magic skill increases to level 4!
The leopard gecko barely misses you.
Aim: a leopard gecko The flame tongue hits the leopard gecko.
The leopard gecko closely misses you.
Aim: a leopard gecko (severely wounded)
The flame tongue misses the leopard gecko.
The flame tongue hits the orc!
You kill the orc!
The orc priest barely misses you. The leopard gecko closely misses you.
Aim: an orc priest, wearing a +0 chain mail The flame tongue hits the orc priest but does no damage.
The leopard gecko misses you.
You riposte.
You barely miss the leopard gecko.
The orc priest invokes the aid of Beogh against you.
Beogh smites you!
Aim: an orc priest, wearing a +0 chain mail The flame tongue hits the orc priest but does no damage.
The leopard gecko bites you but does no damage.
The orc priest barely misses you.
You riposte.
You hit the orc priest. The leopard gecko barely misses you.
You riposte.
You closely miss the leopard gecko.
You hit the orc priest but do no damage.
The orc priest misses you.
You riposte.
You completely miss the orc priest. The leopard gecko bites you.
The orc priest hits you.
You completely miss the orc priest. The leopard gecko barely misses you.
The orc priest hits you. The leopard gecko barely misses you.
You hit the orc priest but do no damage.
The leopard gecko barely misses you. The orc priest hits you.
You hit the orc priest. The leopard gecko closely misses you.
You riposte.
You closely miss the leopard gecko. The orc priest completely misses you.
You riposte.
You completely miss the orc priest. The worm completely misses you.
You riposte.
You hit the worm. You drain the worm.
The leopard gecko completely misses you.
You riposte.
You closely miss the leopard gecko.
The orc priest calls down the wrath of Beogh upon you.
Beogh smites you!
* * * LOW HITPOINT WARNING * * *
The orc priest invokes the aid of Beogh against you.
Beogh smites you!
You die...

#.# ....#
####+##.##....#
........^.)...#
.........)....#
...........#
........w..#
.......o...#
#####.#l####
#.#@# #...#
##..# #..###
#.>..#
######.###
#.......#
#.#.....#
#.#.#####


You could see a worm, an orc priest and a leopard gecko.

Vanquished Creatures
  A big kobold (Sewer)
  2 orc priests (D:4)
  A bullfrog skeleton (D:3)
  2 orc wizards (D:4)
  An iguana (D:3)
  A worker ant (D:4)
  3 gnolls (D:2)
  3 adders
  An ooze (D:3)
  2 worms
  2 dart slugs
  2 leopard geckos
  13 orcs
  5 giant cockroaches
  3 hobgoblins
  10 jackals
  10 kobolds
  10 bats
  5 frilled lizards
  4 goblins
  12 rats
93 creatures vanquished.

Notes
Turn   | Place    | Note
-------+----------+-------------------------------------------
     0 | D:1      | vurker the Mummy Fire Elementalist began the quest for the
                  | Orb.
     0 | D:1      | Reached XP level 1. HP: 13/13 MP: 4/4
   227 | D:1      | Reached skill level 1 in Conjurations
   664 | D:1      | Reached skill level 3 in Spellcasting
   664 | D:1      | Reached XP level 2. HP: 20/20 MP: 3/6
  1255 | D:2      | Reached XP level 3. HP: 25/25 MP: 0/7
  1394 | D:2      | Reached skill level 1 in Fighting
  1533 | D:2      | Reached XP level 4. HP: 32/32 MP: 2/9
  1650 | D:2      | Found an ornate altar of the Wu Jian Council.
  2639 | D:3      | Found a radiant altar of Vehumet.
  2656 | D:3      | Reached skill level 4 in Spellcasting
  2925 | D:3      | Found a runed translucent door.
  2927 | D:3      | Noticed Mukku's ghost (amateur DsVM)
  2970 | D:3      | Reached XP level 5. HP: 35/37 MP: 5/11
  4584 | D:4      | Found a glowing drain.
  4741 | D:4      | Reached XP level 6. HP: 34/44 MP: 5/13
  4758 | Sewer    | Entered a sewer
  4969 | Sewer    | Reached skill level 5 in Spellcasting
  5038 | Sewer    | Found a glowing silver altar of Zin.
  5264 | D:4      | Killed from afar by an orc priest

Levels and vault maps discovered:
D:1:      wander_arrival_chamber, layout_loops_corners,
          hangedman_decor_peaks_small, minmay_tromino_v4_a
D:2:      layout_basic, nicolae_overflow_crystal_walls, wad_orctagon
D:3:      layout_basic, hellmonk_ghost_happy_afterlife, lemuel_altar_in_water
D:4:      layout_basic, first_ration, portal_sewer_entry_a,
          grunt_decor_one_mirror

Skill      XL: |  1  2  3  4  5  6 |
---------------+-------------------+-----
Conjurations   | 1 2 3 |  3.0
Spellcasting   | 3 4 5 |  5.1
Fighting       | 1 2 |  2.2
Fire Magic     | 3 4 |  4.0
Dodging        | |  1.5
Stealth        | |  1.5

Action                   |  1- 3 |  4- 6 || total
-------------------------+-------+-------++-------
Melee: Unarmed           |    17 |       ||    17
       Falchion          |       |    45 ||    45
 Cast: Flame Tongue      |    52 |   135 ||   187
  Use: Scroll            |       |     7 ||     7
 Stab: Sleeping          |       |     1 ||     1
Armor: Robe              |     2 |    18 ||    20
Dodge: Dodged            |    31 |    78 ||   109
       Rpst.: Falchion   |     2 |    27 ||    29

Table legend:
 A = Non-vault XP
 B = Vault XP
 C = Vault XP percentage of total XP
 D = Non-vault monster count
 E = Vault monster count
 F = Vault count percentage of total count
                 A         B        C        D         E       F
            +---------+---------+-------+---------+---------+-------
      Total |     494 |     123 |  19.9 |      75 |      18 |  19.4
            +---------+---------+-------+---------+---------+-------
        D:1 |      15 |       3 |  16.7 |      10 |       2 |  16.7
        D:2 |     104 |      12 |  10.3 |      25 |       4 |  13.8
        D:3 |     159 |       0 |   0.0 |      30 |       0 |   0.0
        D:4 |     216 |       2 |   0.9 |      10 |       2 |  16.7
      Sewer |       0 |     106 | 100.0 |       0 |      10 | 100.0
            +---------+---------+-------+---------+---------+-------
